Map: Pillars of Gold LE

Players

Semper

  • Race: Protoss Protoss
  • Spawn Location: 7:00

Future - Winner!

  • Race: Terran Terran
  • Spawn Location: 1:00

Event: DreamHack SC2 Masters 2020 Summer North America

VOD

Have the link to the VOD?

Description

Time

  • Played on: July 2, 2020, 4:53 p.m.
  • Length: 7:35

All games in this series

Show
View Real Time Build Order
Export as new Build Order

Semper Protoss 

Build Orders: 1 Gate Expand, Blink Stalkers, Colossus Rush 

Get SALT Encoding   

  12  0:00  Probe  
  13  0:13  Probe  
  14  0:18  Pylon  
  14  0:24  Probe  
  15  0:33  Probe  
  15  0:38  Gateway  
  15  0:41  Probe  
  16  0:48  Assimilator  
  17  0:51  Probe  
  18  1:03  Probe  
  19  1:15  Probe  
  20  1:25  Cybernetics Core  
  20  1:37  Nexus  
  20  1:41  Probe  
  21  1:47  Pylon  
  21  1:53  Probe  
  22  1:55  Adept  
  22  1:56  Assimilator  
  22  2:06  Warp Gate  
  24  2:09  Probe  
  25  2:16  Stalker  
  25  2:21  Probe  
  28  2:33  Probe  
  29  2:43  Twilight Council  
  29  2:46  Probe x2  
  29  2:48  Stalker  
  33  2:58  Probe  
  33  3:06  Probe  
  33  3:07  Blink  
  33  3:11  Probe  
  35  3:18  Probe  
  36  3:23  Robotics Facility  
  36  3:25  Probe  
  37  3:30  Probe  
  38  3:37  Probe  
  39  3:46  Probe  
  38  3:49  Probe  
  38  3:53  Gateway  
  38  3:54  Gateway  
  39  3:56  Pylon  
  39  3:58  Probe  
  40  4:03  Stalker  
  40  4:04  Probe  
  43  4:10  Probe  
  43  4:11  Assimilator, Observer  
  43  4:15  Assimilator  
  43  4:16  Probe  
  46  4:22  Probe  
  47  4:28  Probe  
  47  4:29  Pylon  
  48  4:33  Observer  
  48  4:35  Pylon  
  48  4:36  Stalker  
  51  4:39  Probe  
  52  4:48  Nexus  
  52  4:50  Pylon  
  52  4:55  Robotics Bay  
  52  4:56  Probe  
  52  4:58  Observer  
  54  5:02  Probe  
  54  5:04  Stalker  
  57  5:08  Pylon  
  57  5:10  Probe  
  58  5:14  Probe  
  59  5:22  Probe  
  59  5:24  Sentry x2  
  64  5:30  Stalker  
  64  5:31  Probe  
  64  5:34  Probe  
  68  5:36  Colossus  
  68  5:38  Observer  
  68  5:41  Shield Battery  
  68  5:42  Observer  
  68  5:44  Pylon  
  68  5:45  Forge, Charge  
  68  5:47  Observer  
  74  5:50  Probe  
  74  5:54  Pylon  
  75  6:02  Probe  
  76  6:08  Pylon  
  76  6:13  Observer  
  76  6:15  Zealot x3  
  82  6:19  Probe  
  82  6:20  Probe x2  
  82  6:23  Colossus  
  85  6:32  Probe x2  
  93  6:43  Probe  
  93  6:44  Probe  
  95  6:47  Pylon  
  95  6:49  Stalker x2  
  84  7:01  Pylon  
  84  7:04  Stalker  
  84  7:07  Probe x2  
  78  7:17  Shield Battery  
  78  7:22  Zealot x2  
Show
View Real Time Build Order
Export as new Build Order

Future Terran - Winner!

Build Orders: Reaper Expand 

Get SALT Encoding   

  12  0:00  SCV  
  13  0:13  SCV  
  14  0:17  Supply Depot  
  14  0:25  SCV  
  15  0:39  SCV  
  15  0:41  Barracks  
  16  0:45  Refinery  
  16  0:51  SCV  
  17  1:03  SCV  
  18  1:15  SCV  
  19  1:27  Reaper  
  19  1:28  Orbital Command  
  20  1:44  Command Center  
  20  1:53  SCV  
  21  1:55  Supply Depot  
  21  1:59  Marine  
  22  2:09  Factory  
  22  2:13  SCV  
  23  2:18  Refinery  
  23  2:22  Barracks Reactor  
  23  2:25  SCV  
  23  2:28  Bunker  
  24  2:37  SCV  
  25  2:49  SCV  
  26  2:54  Hellion  
  26  2:55  Starport  
  28  2:59  Orbital Command  
  28  3:06  Marine  
  28  3:07  Marine  
  28  3:12  SCV  
  30  3:15  Factory Tech Lab  
  30  3:24  Marine x2, SCV  
  30  3:26  SCV  
  34  3:37  SCV  
  34  3:38  SCV  
  34  3:39  Barracks  
  36  3:43  Raven  
  39  3:49  SCV, Factory Tech Lab  
  39  3:50  SCV  
  39  3:52  Supply Depot  
  39  3:54  Marine  
  41  3:56  Marine  
  41  4:01  SCV  
  41  4:02  SCV  
  44  4:13  Siege Tank, SCV  
  44  4:14  SCV  
  44  4:15  Marine  
  44  4:16  Supply Depot  
  50  4:17  Marine  
  50  4:20  Refinery  
  51  4:25  Supply Depot, SCV  
  51  4:26  SCV  
  53  4:33  Barracks  
  53  4:36  Stimpack  
  53  4:38  SCV  
  54  4:39  SCV  
  54  4:43  Marine x2  
  57  4:48  Siege Tank  
  57  4:52  SCV x2  
  60  4:55  Engineering Bay  
  60  4:59  Starport Reactor  
  60  5:02  Supply Depot  
  60  5:04  SCV x2  
  60  5:05  Marine  
  63  5:08  Marine  
  63  5:09  Marine  
  63  5:13  Supply Depot  
  65  5:16  SCV x2  
  68  5:23  Marine  
  68  5:24  Terran Infantry Weapons Level 1  
  68  5:26  Marine  
  69  5:28  Combat Shield, SCV x2, Factory Reactor  
  69  5:32  Supply Depot  
  69  5:35  Refinery  
  71  5:38  Marauder  
  71  5:39  Marauder  
  71  5:40  Marine  
  76  5:43  Medivac  
  76  5:44  Marine  
  79  5:51  Medivac  
  79  5:55  Supply Depot x2  
  81  5:58  Marine  
  81  6:00  Marauder  
  81  6:01  Marauder  
  81  6:02  Marine  
  86  6:12  Widow Mine x2  
  86  6:14  Medivac  
  86  6:17  Supply Depot  
  92  6:19  Supply Depot  
  92  6:21  Marauder, Marine  
  92  6:25  Marauder  
  97  6:26  Medivac  
  99  6:34  Widow Mine x2  
  99  6:39  Marine x2  
  104  6:43  Marauder  
  104  6:46  Marauder  
  109  6:59  Marine  
  109  7:04  Marauder  
  109  7:08  Marauder  
  119  7:12  Command Center  
  114  7:30  Barracks x2  
Tags
 
Add a new tag
Caveats
  • Supply blocks, unpowered buildings, or Contaminate may cause inaccurate times.
  • Supply counts are checked every 10 seconds.